Map: Port Aleksander LE

Players

Denver - Winner!

  • Race: Zerg Zerg
  • Spawn Location: 5:00

Souleer

  • Race: Zerg Zerg
  • Spawn Location: 11:00

Event: IEM Season 13: Katowice (2019)

VOD

Have the link to the VOD?

Description

Time

  • Played on: Feb. 26, 2019, 9:25 a.m.
  • Length: 7:07

All games in this series

Show
View Real Time Build Order
Export as new Build Order

Denver Zerg - Winner!

Build Orders: Hatch First 

Get SALT Encoding   

  12  0:00  Drone  
  13  0:13  Overlord  
  13  0:18  Drone  
  14  0:31  Drone x2  
  16  0:48  Hatchery  
  15  0:52  Drone  
  15  0:56  Drone  
  17  1:00  Drone  
  18  1:09  Extractor  
  17  1:15  Spawning Pool  
  17  1:18  Drone  
  17  1:21  Drone  
  18  1:28  Drone  
  19  1:39  Drone  
  20  1:50  Drone  
  21  2:01  Queen x2  
  21  2:02  Zergling x4  
  27  2:11  Metabolic Boost, Overlord  
  27  2:14  Drone  
  28  2:29  Drone x2  
  30  2:34  Drone  
  31  2:39  Hatchery  
  31  2:41  Drone  
  31  2:44  Drone  
  31  2:47  Overlord  
  32  2:54  Drone  
  33  2:59  Drone  
  33  3:00  Queen  
  36  3:06  Overlord  
  36  3:09  Baneling Nest  
  36  3:11  Zergling x2  
  36  3:13  Zergling x2  
  36  3:16  Zergling x2  
  36  3:17  Zergling x2  
  40  3:20  Zergling x2  
  40  3:23  Zergling x2  
  40  3:25  Zergling x2  
  40  3:26  Zergling x2  
  43  3:29  Zergling x2  
  43  3:37  Zergling x4  
  44  3:41  Zergling x2  
  44  3:42  Zergling x4  
  44  3:47  Drone  
  44  3:48  Evolution Chamber  
  47  3:51  Drone  
  47  3:54  Baneling x3  
  48  3:59  Drone x3  
  49  4:04  Zergling x2  
  50  4:12  Zergling x8  
  54  4:19  Drone  
  54  4:20  Drone x3  
  54  4:23  Extractor  
  56  4:29  Zergling x4  
  56  4:30  Overlord  
  58  4:37  Overlord  
  57  4:42  Zergling x4  
  56  4:45  Baneling  
  56  4:46  Queen, Baneling  
  56  4:52  Zergling x16  
  64  4:56  Baneling x2  
  57  5:01  Zergling x2  
  57  5:02  Zergling x6  
  57  5:03  Baneling  
  59  5:08  Drone x3  
  59  5:12  Baneling  
  62  5:16  Drone x4  
  67  5:21  Zergling x6  
  68  5:32  Zergling x6  
  68  5:35  Lair  
  70  5:42  Zergling x10  
  73  5:49  Drone x3  
  73  5:51  Extractor  
  66  5:59  Roach Warren  
  63  6:05  Drone x8  
  70  6:12  Zergling x2  
  70  6:13  Zergling x6  
  70  6:16  Drone  
  74  6:25  Overlord  
  73  6:28  Overlord  
  64  6:33  Overlord  
  64  6:34  Overlord  
  64  6:35  Extractor  
  63  6:40  Zergling x2  
  63  6:41  Zergling x16  
  63  6:46  Drone  
  72  6:47  Overseer  
Show
View Real Time Build Order
Export as new Build Order

Souleer Zerg 

Build Orders: Hatch First 

Get SALT Encoding   

  12  0:00  Drone  
  13  0:13  Overlord  
  13  0:18  Drone  
  14  0:31  Drone x2  
  14  0:35  Drone  
  17  0:53  Hatchery  
  17  0:56  Drone  
  17  0:59  Drone  
  18  1:14  Spawning Pool  
  18  1:17  Extractor  
  18  1:18  Drone  
  17  1:21  Drone  
  18  1:30  Drone  
  19  1:40  Overlord  
  19  1:51  Drone  
  20  2:01  Queen  
  20  2:02  Zergling x2  
  20  2:04  Queen  
  20  2:05  Zergling x2  
  26  2:12  Drone  
  27  2:20  Drone  
  27  2:21  Metabolic Boost  
  28  2:25  Drone  
  28  2:28  Drone  
  30  2:33  Drone  
  31  2:37  Drone  
  32  2:48  Drone, Hatchery  
  32  2:53  Overlord  
  32  2:59  Drone x2  
  32  3:03  Baneling Nest  
  33  3:07  Drone  
  34  3:13  Drone  
  34  3:14  Zergling x6  
  34  3:17  Zergling x2  
  34  3:18  Zergling x2  
  40  3:21  Zergling x2  
  40  3:25  Overlord  
  41  3:28  Zergling x2  
  41  3:32  Drone  
  43  3:39  Zergling x2  
  42  3:42  Zergling x4  
  42  3:45  Zergling x10  
  42  3:47  Baneling  
  49  3:50  Baneling x2  
  49  3:53  Zergling x2  
  50  3:58  Zergling x2  
  48  4:04  Zergling x4  
  48  4:05  Baneling  
  48  4:08  Zergling x2  
  51  4:14  Drone x2  
  51  4:15  Drone x2  
  54  4:18  Baneling  
  54  4:22  Drone x2  
  56  4:25  Baneling x2  
  56  4:26  Drone x2  
  56  4:28  Overlord  
  56  4:30  Overlord  
  57  4:31  Extractor  
  57  4:32  Overlord  
  57  4:37  Drone x2  
  50  4:47  Drone x3  
  50  4:52  Queen  
  54  4:55  Zergling x6  
  50  5:00  Drone x3  
  50  5:03  Drone x2  
  50  5:05  Drone  
  56  5:09  Evolution Chamber, Extractor  
  54  5:16  Roach Warren, Baneling x2  
  54  5:19  Zergling x2  
  54  5:21  Zergling x2  
  54  5:23  Zergling x2  
  54  5:24  Zergling x2  
  54  5:26  Zergling x4  
  57  5:31  Zergling x2  
  57  5:32  Zergling x4  
  54  5:36  Zergling x4  
  54  5:40  Zergling x4  
  51  5:43  Zergling x2  
  44  5:50  Zergling x4  
  44  5:55  Baneling x2  
  42  6:04  Drone x3  
  42  6:07  Baneling x2  
  44  6:12  Zergling x6  
  44  6:16  Zergling x2  
  44  6:20  Drone x2  
  44  6:22  Drone  
  44  6:23  Drone x2  
  42  6:28  Zergling x4  
  42  6:30  Baneling  
  41  6:37  Zergling x4  
  43  6:43  Drone x2  
  43  6:46  Drone  

Tags
 
Add a new tag
Caveats
  • Supply blocks, unpowered buildings, or Contaminate may cause inaccurate times.
  • Supply counts are checked every 10 seconds.